 Dungeon Sprint DCSS version 0.30.0-29-ga12c61a403 (webtiles) character file.

Game seed: 8487777535501436942

3300000 boopmooplesden the Axe Maniac (level 20, -16/216 HPs)
             Began as a Minotaur Berserker on June 20, 2023.
             Was the Champion of Trog.
             Engulfed by a cloud of flame (18 damage)
             ... in the Dungeon (Sprint VIII: "Arena of Blood").
             The game lasted 00:02:10 (33 turns).

boopmooplesden the Axe Maniac (Minotaur Berserker)    Turns: 33, Time: 00:02:10

Health: -16/216    AC:  4    Str: 30    XL:     20   Next: 2%
Magic:  16/31      EV: 23    Int:  4    God:    Trog [******]
Gold:   0          SH:  0    Dex: 11    Spells: 19/19 levels left

rFire   . . .        i - +∞ Axe of Woe
rCold   . . .        (shield currently unavailable)
rNeg    . . .        b - +0 animal skin
rPois   .            (helmet restricted)
rElec   .            (no cloak)
rCorr   .            (no gloves)
SInv    .            (no boots)
Will    +++..        (no amulet)
Stlth   +++++++++    (no ring)
HPRegen 1.56/turn    (no ring)
MPRegen 0.22/turn

%: no teleportation
@: strong-willed, regenerating
A: horns 2, retaliatory headbutt
a: Renounce Religion, Berserk, Trog's Hand, Brothers in Arms


You were in the Dungeon.
You worshipped Trog.
Trog was exalted by your worship.
You visited 1 branch

Inventory:

Hand Weapons
 a - a +0 hand axe
 i - the +∞ Axe of Woe (weapon)
   (You found it in the Dungeon)
Armour
 b - a +0 animal skin (worn)
Jewellery
 j - a +30 ring of slaying
Potions
 c - a potion of curing
 d - a potion of heal wounds
 e - a potion of haste
 f - 2 potions of magic
 g - a potion of berserk rage


   Skills:
 O Level 27 Fighting
 + Level 18.5(21.5) Short Blades
 + Level 20.0(23.2) Long Blades
 O Level 27 Axes
 + Level 20.0(27) Maces & Flails
 + Level 20.0(27) Polearms
 + Level 19.0(25.2) Staves
 + Level 17.5 Ranged Weapons
 + Level 16.2 Throwing
 O Level 27 Armour
 O Level 27 Dodging
 + Level 26.3 Stealth
 + Level 19.0 Shields
 + Level 17.5 Unarmed Combat
 + Level 16.2 Invocations
 + Level 14.9 Evocations


You had 19 spell levels left.
You didn't know any spells.
Your spell library was empty.

Dungeon Overview and Level Annotations

Branches:
Dungeon (1/1)

Altars:
Makhleb

Annotations:
D The Servant


Innate Abilities, Weirdness & Mutations

You have a pair of horns on your head.
You reflexively headbutt those who attack you in melee.


Message History

The bag of meat shouts!
The large bag of meat shouts in stereo!
The meat berserker shouts! x2; The large bag of meat shouts in stereo!
The destroyer shouts!
You hear a shout! x2
The meat berserker hits you with a +9 battleaxe!!
* * * LOW HITPOINT WARNING * * *
You hear a shout! x10
You slice the bag of meat!!
You dissect the bag of meat like a pig carcass.
You kill the bag of meat!
Trog accepts your kill.
You slice the bag of meat!!
You butcher the bag of meat messily.
You kill the bag of meat!
Trog accepts your kill.
You slice the large bag of meat!!
Flame seeps out of the large bag of meat.
You butcher the large bag of meat messily.
Trog accepts your kill.
You hit the meat berserker.
You hew the meat berserker savagely.
You kill the meat berserker!
Trog accepts your kill. Trog grants you a weapon!
Something appears at your feet!
You see here a +6 rapier of flaming.
The large bag of meat explodes!
The fiery explosion engulfs you!
* * * LOW HITPOINT WARNING * * *
You hear a shout!
A meat berserker comes into view. It is wielding a +9 battleaxe.
You hear a shout! x2
Your Stealth skill gained 12 levels and is now at level 26!
You have reached level 20!
You feel stronger.
You hit the large bag of meat but do no damage.
You chop the large bag of meat into pieces.
Trog accepts your kill.
The large bag of meat explodes!
The fiery explosion engulfs the meat berserker!!!
The fiery explosion engulfs you!!!
* * * LOW HITPOINT WARNING * * *
You are engulfed in blazing flames.
You die...

...............
...............
...V.......... ..
....O........ #.
..#.......O... #..
...#.§§O§§..... .###..
...###§§○§.....
......###....§.@).....#
....._...............
#.....#.......#.#..
#_.<._#.........O.
...#..)..#......#.#. .
.....o_..O......... ..
......###))....... .# #
.###...))))###.......
#...))).# ...


You could see a destroyer, a large bag of meat (inner flame) and 4 meat
berserkers.

Vanquished Creatures
  11 ogres (D)
  2 two-headed ogres (D)
  25 orcs (D)
38 creatures vanquished.

Notes
Turn   | Place    | Note
-------+----------+-------------------------------------------
     0 | D        | Found the +∞ Axe of Woe
     0 | D        | boopmooplesden the Minotaur Berserker began the quest for
                  | the Orb.
     0 | D        | Reached XP level 1. HP: 19/19 MP: 0/0
     0 | D        | Noticed a bag of meat
     2 | D        | Noticed a bag of meat
     4 | D        | Noticed a bag of meat
     4 | D        | Killed a bag of meat
     4 | D        | Noticed a bag of meat
     4 | D        | Noticed a bag of meat
     4 | D        | Noticed a meat berserker
     5 | D        | Reached skill level 10 in Armour
     5 | D        | Reached skill level 10 in Dodging
     5 | D        | Reached XP level 2. HP: 53/53 MP: 1/1
     5 | D        | Reached XP level 3. HP: 61/61 MP: 2/2
     5 | D        | Reached XP level 4. HP: 69/69 MP: 3/3
     5 | D        | Reached XP level 5. HP: 75/75 MP: 4/4
     5 | D        | Reached XP level 6. HP: 84/84 MP: 5/5
     5 | D        | Reached XP level 7. HP: 91/91 MP: 6/6
     5 | D        | Reached XP level 8. HP: 99/99 MP: 7/7
     5 | D        | Reached XP level 9. HP: 106/106 MP: 8/8
     5 | D        | Reached XP level 10. HP: 114/114 MP: 9/9
     6 | D        | Noticed a meat berserker
     6 | D        | Noticed a bag of meat
     6 | D        | Noticed a bag of meat
     7 | D        | Noticed a bag of meat
     7 | D        | Noticed a bag of meat
     8 | D        | Killed a meat berserker
     8 | D        | Reached ** piety under Trog
     8 | D        | Noticed a bag of meat
     8 | D        | Noticed a bag of meat
     8 | D        | Noticed a bag of meat
     8 | D        | Noticed a bag of meat
     8 | D        | Noticed a bag of meat
     8 | D        | Noticed a meat berserker
     9 | D        | Reached XP level 11. HP: 102/133 MP: 10/10
     9 | D        | Reached XP level 12. HP: 107/140 MP: 11/11
     9 | D        | Killed a meat berserker
     9 | D        | Noticed a meat berserker
    10 | D        | Reached skill level 15 in Armour
    10 | D        | Reached XP level 13. HP: 119/155 MP: 12/12
    10 | D        | Noticed a bag of meat
    10 | D        | Noticed a bag of meat
    11 | D        | Noticed a meat berserker
    12 | D        | Killed a bag of meat
    12 | D        | Killed a bag of meat
    12 | D        | Killed a meat berserker
    12 | D        | Reached *** piety under Trog
    12 | D        | Noticed a meat berserker
    12 | D        | Noticed a meat berserker
    12 | D        | Noticed a bag of meat
    13 | D        | Reached skill level 27 in Fighting
    13 | D        | Reached skill level 27 in Axes
    13 | D        | Reached XP level 14. HP: 57/168 MP: 13/13
    13 | D        | Killed a bag of meat
    13 | D        | Killed a bag of meat
    13 | D        | Killed a bag of meat
    13 | D        | Reached **** piety under Trog
    13 | D        | Killed a bag of meat
    13 | D        | Killed a bag of meat
    14 | D        | Reached skill level 27 in Armour
    14 | D        | Reached skill level 27 in Dodging
    14 | D        | Reached XP level 15. HP: 60/174 MP: 14/14
    15 | D        | Reached ***** piety under Trog
    16 | D        | Reached skill level 5 in Ranged Weapons
    16 | D        | Reached skill level 5 in Throwing
    16 | D        | Reached skill level 5 in Unarmed Combat
    16 | D        | Reached skill level 5 in Invocations
    16 | D        | Reached XP level 16. HP: 64/183 MP: 14/19
    16 | D        | Killed a meat berserker
    17 | D        | Noticed a meat berserker
    18 | D        | Reached skill level 10 in Long Blades
    18 | D        | Reached skill level 10 in Maces & Flails
    18 | D        | Reached skill level 10 in Polearms
    18 | D        | Killed a meat berserker
    18 | D        | Reached ****** piety under Trog
    19 | D        | Reached skill level 10 in Ranged Weapons
    19 | D        | Reached skill level 10 in Unarmed Combat
    19 | D        | Reached XP level 17. HP: 68/191 MP: 14/23
    19 | D        | Killed a meat berserker
    19 | D        | Received a gift from Trog
    19 | D        | Killed a meat berserker
    19 | D        | Noticed a meat berserker
    20 | D        | Reached skill level 10 in Stealth
    20 | D        | Reached skill level 10 in Evocations
    21 | D        | Reached skill level 15 in Long Blades
    21 | D        | Reached skill level 15 in Maces & Flails
    21 | D        | Reached skill level 15 in Polearms
    21 | D        | Reached XP level 18. HP: 72/200 MP: 14/26
    23 | D        | Killed a meat berserker
    23 | D        | Received a gift from Trog
    23 | D        | Noticed a meat berserker
    24 | D        | Reached skill level 15 in Ranged Weapons
    24 | D        | Reached skill level 15 in Unarmed Combat
    24 | D        | Noticed a destroyer
    24 | D        | Noticed a large bag of meat
    25 | D        | Noticed a large bag of meat
    26 | D        | Killed a meat berserker
    26 | D        | Noticed a meat berserker
    28 | D        | Reached skill level 15 in Throwing
    28 | D        | Reached skill level 15 in Invocations
    28 | D        | Reached XP level 19. HP: 80/207 MP: 15/29
    28 | D        | Noticed a destroyer
    28 | D        | Killed a meat berserker
    29 | D        | Noticed The Servant
    31 | D        | Noticed a large bag of meat
    31 | D        | Noticed a meat berserker
    31 | D        | Noticed a meat berserker
    31 | D        | Noticed a meat berserker
    31 | D        | Noticed a destroyer
    31 | D        | Noticed a large bag of meat
    31 | D        | Noticed a meat berserker
    31 | D        | Noticed a large bag of meat
    32 | D        | Killed a large bag of meat
    32 | D        | Killed a meat berserker
    32 | D        | Received a gift from Trog
    32 | D        | Noticed a meat berserker
    33 | D        | Reached XP level 20. HP: 45/216 MP: 16/31
    33 | D        | Killed a large bag of meat
    33 | D        | HP: 2/216 [spore (43)]
    33 | D        | Engulfed by a cloud of flame

Illustrated notes

Levels and vault maps discovered:
D:        meatsprint

Skill      XL: |  1  2  3  4  5  6  7  8  9 10 11 12 13 14 15 16 17 18 19 |
---------------+----------------------------------------------------------+-----
Fighting       | 18 23 25 27 | 27.0
Axes           | 19 24 26 27 | 27.0
Armour         | 10 13 15 21 27 | 27.0
Dodging        | 10 12 13 21 27 | 27.0
Short Blades   | 6 11 14 17 18 | 18.5
Long Blades    | 6 12 15 18 20 | 20.0
Maces & Flails | 6 12 15 18 20 | 20.0
Polearms       | 6 12 15 18 20 | 20.0
Staves         | 6 11 14 17 19 | 19.0
Ranged Weapons | 5 10 13 16 17 | 17.5
Throwing       | 5 9 12 15 16 | 16.2
Stealth        | 4 9 11 13 26 | 26.3
Shields        | 6 11 14 17 19 | 19.0
Unarmed Combat | 5 10 13 16 17 | 17.5
Invocations    | 5 9 12 15 16 | 16.2
Evocations     | 4 9 11 14 | 14.9

Action                     |  1- 3 |  4- 6 |  7- 9 | 10-12 | 13-15 | 16-18 | 19-21 || total
---------------------------+-------+-------+-------+-------+-------+-------+-------++-------
  Melee: Executioner's axe |     1 |       |       |     2 |     3 |    10 |     5 ||    21
 Invoke: Trog's Hand       |       |       |       |       |       |     1 |       ||     1
    Use: Scroll            |       |       |       |       |       |       |     1 ||     1
